 Dungeon Crawl Stone Soup version 0.31-a0-219-g8d62b2e7bb (webtiles) character file.

Game seed: 4530451288280438071

641 qw the Shooter (level 7, -2/44 HPs)
             Began as a Gargoyle Hexslinger on July 3, 2023.
             Killed from afar by Dowan (8 damage)
             ... with a stone arrow
             ... on level 5 of the Dungeon.
             The game lasted 00:01:32 (3720 turns).

qw the Shooter (Gargoyle Hexslinger)                Turns: 3720, Time: 00:01:32

Health: -2/44      AC: 10    Str: 11    XL:     7   Next: 51%
Magic:  8/8        EV: 10    Int: 14    God:
Gold:   43         SH:  0    Dex: 14    Spells: 7/8 levels left

rFire   . . .        l - +0 shortbow (heavy)
rCold   . . .        (shield currently unavailable)
rNeg    + . .        h - +0 ring mail
rPois   inf          (no helmet)
rElec   +            (no cloak)
rCorr   +            (no gloves)
SInv    .            (no boots)
Will    .....        (no amulet)
Stlth   +            i - ring of resist corrosion
HPRegen 0.27/turn    (no ring)
MPRegen 0.11/turn

%: no passive effects
@: no status effects
A: sickness immunity, AC +4, negative energy resistance 1, electricity
resistance, torment resistance 1, petrification resistance
a: no special abilities


You were on level 5 of the Dungeon.
You visited 1 branch of the dungeon, and saw 5 of its levels.

You collected 213 gold pieces.
You spent 170 gold pieces at shops.


Innate Abilities, Weirdness & Mutations

You are immune to sickness and miasma.
Your stone body is resilient. (AC +4)
You are immune to poison.
You resist negative energy. (rN+)
You are resistant to electric shocks. (rElec)
You are resistant to unholy torment.
You are immune to petrification.


   Skills:
 - Level 4.7 Fighting
 + Level 6.5 Ranged Weapons
 - Level 1.8 Armour
 - Level 1.5 Dodging
 - Level 1.0 Spellcasting
 - Level 2.6 Hexes


You had 7 spell levels left.
You knew the following spells:

 Your Spells              Type           Power      Damage    Failure   Level
a - Slow                  Hex            32%        N/A       21%         1

Your spell library contained the following spells:

 Spells                   Type           Power      Damage    Failure   Level
 Inner Flame              Hex/Fire       4%         N/A       71%         3
 Portal Projectile        Hex/Tloc       8%         N/A       71%         3
 Cause Fear               Hex            4%         N/A       90%         4

Inventory:

Hand Weapons
 l - a +0 heavy shortbow (weapon)
Armour
 h - a +0 ring mail (worn)
Jewellery
 i - a ring of resist corrosion (left hand)
Scrolls
 a - a scroll of enchant armour
 f - a scroll of identify
Potions
 b - a potion of enlightenment
 c - a potion of resistance
 d - 2 potions of ambrosia {unknown}
 e - a potion of haste
 g - a potion of curing
 j - a potion of mutation
 k - a potion of brilliance {unknown}
 m - a potion of invisibility {unknown}

Dungeon Overview and Level Annotations

Branches:
Dungeon (5/15)
 Temple: D:4-7

Altars:
Ashenzari
Xom

Shops:
D:1 =   D:4 ?   D:5 :

Annotations:
D:5 Dowan


Message History

Duvessa is lightly wounded.
Duvessa hits you with a +0 rapier. Duvessa closely misses you.
You shoot an arrow. The arrow closely misses Duvessa.
Duvessa barely misses you.
Dowan mumbles some strange words.
Dowan blinks!
Duvessa hits you with a +0 rapier.
You shoot an arrow. The arrow hits Duvessa.
Duvessa is moderately wounded.
Duvessa hits you with a +0 rapier. x2
You shoot an arrow. The arrow hits Duvessa!
Duvessa is severely wounded.
Duvessa hits you but does no damage.
You shoot an arrow. The arrow hits Duvessa!
You kill Duvessa!
Dowan's eyes darken. "You have made a black mistake."
Dowan seems to find hidden reserves of power!
You shoot an arrow.
The arrow hits Dowan but does no damage.
Dowan hits you but does no damage. x3
You shoot an arrow. The arrow completely misses Dowan.
Dowan hits you with a +0 dagger.
Dowan points at you and mumbles some strange words.
The shard of ice hits you!
You shoot an arrow. The arrow hits Dowan!
Dowan is heavily wounded.
Dowan barely misses you. Dowan hits you with a +0 dagger.
Dowan casts a spell at you. The shard of ice hits you!
You shoot an arrow. The arrow hits Dowan.
Dowan is almost dead.
Dowan gestures wildly while chanting.
Dowan blinks!
You shoot an arrow. The arrow misses Dowan.
Dowan casts a spell.
Dowan blinks!
Dowan hits you with a +0 dagger. Dowan barely misses you.
You shoot an arrow. The arrow barely misses Dowan.
Dowan hits you with a +0 dagger. Dowan casts a spell at you.
The stone arrow hits you!
You die...

..##.## #.#.....## #.###
#.#...# #.##...## #..
#.#.#.# #.###+## #..
#.#...###.# #.# #..#
#.....>...###.#######...
#####:#.......##... #
#.#.####..ยค#.# ##..#
#.#.###......#......
#..........e@)....#
###.#####.##.#...... #.#
#.##.# ##.## #.. ..##.#
# ### #####.# #.. ###


You could see Dowan (fast).

Vanquished Creatures
  Duvessa (D:5)
  A black bear (D:5)
  A bullfrog (D:4)
  A hound (D:4)
  An orc priest (D:5)
  A centaur skeleton (D:3)
  2 iguanas
  Natasha (twice) (D:4)
  A hound zombie (D:3)
  5 gnolls
  7 adders
  A white imp (D:4)
  8 orcs
  8 ball pythons
  3 endoplasms
  3 giant cockroaches
  6 goblins
  9 hobgoblins
  8 kobolds
  2 quokkas
  A ball python skeleton (D:3)
  3 bats
  A giant cockroach zombie (D:3)
  4 rats
80 creatures vanquished.

Notes
Turn   | Place    | Note
-------+----------+-------------------------------------------
     0 | D:1      | qw the Gargoyle Hexslinger began the quest for the Orb.
     0 | D:1      | Reached XP level 1. HP: 12/12 MP: 2/2
     0 | D:1      | 0 ||| qw: Version: 0.3-a-40-ge99b1a8
     0 | D:1      | 0 ||| qw: Game counter: 354
     0 | D:1      | 0 ||| qw: Melee chars always use a shield: true
     0 | D:1      | 0 ||| qw: God list: Okawaru
     0 | D:1      | 0 ||| qw: Allow faded altars: false
     0 | D:1      | 0 ||| qw: Do Orc after clearing Dungeon:15 true
     0 | D:1      | 0 ||| qw: Do second Lair branch before Depths: true
     0 | D:1      | 0 ||| qw: Lair rune preference: random
     0 | D:1      | 0 ||| qw: Goals: Normal
     0 | D:1      | 0 ||| PLANNING D:1-11
    81 | D:1      | HP: 3/12 [gnoll/+0 club (5)]
    83 | D:1      | Reached XP level 2. HP: 5/16 MP: 3/3
   206 | D:1      | Reached skill level 3 in Ranged Weapons
   294 | D:1      | Found Diur's Jewellery Boutique.
   311 | D:1      | 311 ||| SHOPLISTING +4 ring of protection (504 gold, have
                  | 17).
   311 | D:1      | 311 ||| SHOPLISTING +6 ring of strength (504 gold, have
                  | 17).
   311 | D:1      | 311 ||| SHOPLISTING amulet of faith (560 gold, have 17).
   311 | D:1      | 311 ||| SHOPLISTING ring of fire (350 gold, have 17).
   311 | D:1      | 311 ||| SHOPLISTING ring of ice (350 gold, have 17).
   311 | D:1      | 311 ||| SHOPLISTING ring of resist corrosion (280 gold,
                  | have 17).
   311 | D:1      | 311 ||| SHOPLISTING ring of see invisible (210 gold, have
                  | 17).
   311 | D:1      | 311 ||| SHOPLISTING ring of the Messenger {rPois rF+ Str+2}
                  | (565 gold, have 17).
   601 | D:1      | 601 ||| UPGRADING to +0 ring mail.
   611 | D:1      | 611 ||| DROPPING +0 robe.
   612 | D:1      | 612 ||| READING 2 scrolls labelled KUF FAVUARIAJUX.
   613 | D:1      | 613 ||| READING scroll labelled LEGRUB JUES.
   614 | D:1      | 614 ||| READING scroll labelled WUTTOI QOREAXT.
   615 | D:1      | 615 ||| DROPPING scroll of poison.
   682 | D:2      | Reached XP level 3. HP: 10/22 MP: 4/4
   736 | D:2      | Found a shimmering altar of Xom.
  1046 | D:2      | Reached XP level 4. HP: 27/27 MP: 5/5
  1428 | D:2      | Found a faded altar of an unknown god.
  1524 | D:2      | 1524 ||| UPGRADING to ring of resist corrosion.
  1525 | D:2      | 1525 ||| READING scroll labelled GONLENW TELU.
  1526 | D:2      | 1526 ||| READING scroll labelled GUOJEBUOPP.
  1669 | D:3      | Reached skill level 4 in Ranged Weapons
  1669 | D:3      | Reached XP level 5. HP: 21/32 MP: 6/6
  1981 | D:3      | Reached skill level 1 in Armour
  2344 | D:3      | 2344 ||| READING scroll labelled DAGRING YBIC.
  2345 | D:3      | 2345 ||| READING scroll labelled NOMNIMICZE.
  2349 | D:3      | 2349 ||| DRINKING 2 fizzy amethyst potions.
  2350 | D:3      | 2350 ||| DROPPING potion of magic.
  2516 | D:4      | 2516 ||| FLEEEEING.
  2522 | D:4      | 2522 ||| FLEEEEING.
  2523 | D:4      | 2523 ||| FLEEEEING.
  2524 | D:4      | 2524 ||| FLEEEEING.
  2525 | D:4      | 2525 ||| FLEEEEING.
  2526 | D:4      | 2526 ||| FLEEEEING.
  2527 | D:4      | 2527 ||| FLEEEEING.
  2528 | D:4      | 2528 ||| FLEEEEING.
  2529 | D:4      | 2529 ||| FLEEEEING.
  2530 | D:4      | 2530 ||| FLEEEEING.
  2531 | D:4      | 2531 ||| FLEEEEING.
  2535 | D:4      | 2535 ||| FLEEEEING.
  2536 | D:4      | 2536 ||| FLEEEEING.
  2537 | D:4      | 2537 ||| FLEEEEING.
  2538 | D:4      | 2538 ||| FLEEEEING.
  2539 | D:4      | 2539 ||| FLEEEEING.
  2540 | D:4      | 2540 ||| FLEEEEING.
  2544 | D:4      | 2544 ||| FLEEEEING.
  2545 | D:4      | 2545 ||| FLEEEEING.
  2546 | D:4      | 2546 ||| FLEEEEING.
  2547 | D:4      | 2547 ||| FLEEEEING.
  2548 | D:4      | 2548 ||| FLEEEEING.
  2549 | D:4      | 2549 ||| FLEEEEING.
  2550 | D:4      | 2550 ||| FLEEEEING.
  2551 | D:4      | 2551 ||| FLEEEEING.
  2552 | D:4      | 2552 ||| FLEEEEING.
  2562 | D:4      | Reached skill level 5 in Ranged Weapons
  2648 | D:4      | Reached skill level 3 in Fighting
  2648 | D:4      | Reached XP level 6. HP: 35/37 MP: 7/7
  2712 | D:4      | Noticed Natasha
  2717 | D:4      | Killed Natasha
  2888 | D:4      | 2888 ||| SWAPPING to +0 shortbow.
  2889 | D:4      | 2889 ||| DROPPING +1 sling.
  3009 | D:4      | Found Ycvit's Magic Scroll Emporium.
  3012 | D:4      | 3012 ||| BUYING scroll of brand weapon (104 gold).
  3012 | D:4      | Bought a scroll of brand weapon for 104 gold pieces
  3012 | D:4      | 3012 ||| BUYING scroll of identify (22 gold).
  3012 | D:4      | Bought a scroll of identify for 22 gold pieces
  3012 | D:4      | 3012 ||| BUYING scroll of identify (22 gold).
  3012 | D:4      | Bought a scroll of identify for 22 gold pieces
  3012 | D:4      | 3012 ||| BUYING scroll of identify (22 gold).
  3012 | D:4      | Bought a scroll of identify for 22 gold pieces
  3012 | D:4      | 3012 ||| SHOPLISTING scroll of teleportation (33 gold, have
                  | 2).
  3012 | D:4      | 3012 ||| READING scroll of brand weapon.
  3012 | D:4      | 3012 ||| BRANDING +0 shortbow.
  3144 | D:4      | Noticed Natasha
  3149 | D:4      | Killed Natasha
  3150 | D:4      | Reached skill level 6 in Ranged Weapons
  3285 | D:4      | 3285 ||| READING scroll labelled TIASTR CUWUSTROI.
  3286 | D:4      | 3286 ||| DRINKING 2 clear potions.
  3287 | D:4      | 3287 ||| DRINKING 2 fizzy white potions.
  3288 | D:4      | 3288 ||| READING 4 scrolls of identify.
  3288 | D:4      | 3288 ||| IDENTIFYING puce potion
  3289 | D:4      | 3289 ||| READING 3 scrolls of identify.
  3289 | D:4      | 3289 ||| IDENTIFYING pink potion
  3290 | D:4      | 3290 ||| READING 2 scrolls of identify.
  3290 | D:4      | 3290 ||| IDENTIFYING fizzy purple potion
  3348 | D:5      | Entered Level 5 of the Dungeon
  3471 | D:5      | Found a broken altar of Ashenzari.
  3566 | D:5      | Found Ruseank's Book Shoppe.
  3588 | D:5      | Reached XP level 7. HP: 31/42 MP: 8/8
  3708 | D:5      | Noticed Duvessa
  3708 | D:5      | Noticed Dowan
  3714 | D:5      | Killed Duvessa
  3717 | D:5      | HP: 9/44 [Dowan/shard of ice (17)]
  3720 | D:5      | Killed from afar by Dowan

Levels and vault maps discovered:
D:1:      lightli_arrival_statuegarden, layout_loops_ring, serial_shops, shop,
          nicolae_grassy_gnolls
D:2:      wad_river_or_something, layout_loops_cross, basic_altar,
          basic_ecumenical_altar
D:3:      layout_basic, serial_undead, serial_undead_c, serial_undead_c,
          serial_undead_b, serial_undead_d, serial_undead_c, serial_undead_c,
          minmay_hedge_maze, hangedman_decor_growths
D:4:      layout_gridville, serial_shops, nicolae_shop_real_fake_doors,
          uniq_natasha
D:5:      layout_loops_corners, cheibrodos_ashenzari_chains,
          chequers_temple_overflow_statue_of_worship,
          minmay_temple_entry_large_hall, serial_shops, nicolae_diamond_shop,
          uniq_duvessa, uniq_pikel

Skill      XL: |  1  2  3  4  5  6  7 |
---------------+----------------------+-----
Ranged Weapons | 3 4 5 6 |  6.5
Fighting       | 2 3 4 |  4.7
Armour         | 1 |  1.8
Dodging        | |  1.5
Spellcasting   | |  1.0
Hexes          | |  2.6

Action                     |  1- 3 |  4- 6 |  7- 9 || total
---------------------------+-------+-------+-------++-------
   Fire: Sling             |    63 |   200 |       ||   263
         Shortbow          |       |    45 |    22 ||    67
    Use: Scroll            |     3 |     9 |       ||    12
         Potion            |       |     3 |       ||     3
 Armour: Robe              |     3 |       |       ||     3
         Ring mail         |     2 |    99 |     7 ||   108
  Dodge: Dodged            |    18 |   119 |    10 ||   147

Table legend:
 A = Non-vault XP
 B = Vault XP
 C = Vault XP percentage of total XP
 D = Non-vault monster count
 E = Vault monster count
 F = Vault count percentage of total count
                 A         B        C        D         E       F
            +---------+---------+-------+---------+---------+-------
      Total |     648 |     268 |  29.3 |      64 |      16 |  20.0
            +---------+---------+-------+---------+---------+-------
        D:1 |      14 |      14 |  50.0 |       8 |       1 |  11.1
        D:2 |      86 |      14 |  14.0 |      12 |       9 |  42.9
        D:3 |      67 |      63 |  48.5 |      14 |       4 |  22.2
        D:4 |     285 |      35 |  10.9 |      23 |       1 |   4.2
        D:5 |     196 |     142 |  42.0 |       7 |       1 |  12.5
            +---------+---------+-------+---------+---------+-------
